 Dungeon Crawl Stone Soup version 0.32-a0-995-gb4a59205af (webtiles) character file.

Game seed: 1345242534586459700

102 javelincjr the Trooper (level 4, -2/35 HPs)
             Began as a Demonspawn Gladiator on Apr 22, 2024.
             Blown up by Ijyb (14 damage)
             ... with a mindburst bolt
             ... on level 3 of the Dungeon.
             The game lasted 00:05:20 (1912 turns).

javelincjr the Trooper (Demonspawn Gladiator)       Turns: 1912, Time: 00:05:21

Health: -2/35      AC:  9    Str: 17    XL:     4   Next: 50%
Magic:  4/4        EV: 11    Int:  8    God:
Gold:   125        SH:  4    Dex: 14    Spells: 3/3 levels left

rFire   . . .        a - +0 trident
rCold   . . .        (no shield)
rNeg    . . .        k - +0 ring mail
rPois   .            (helmet restricted)
rElec   .            (no cloak)
rCorr   .            (no gloves)
SInv    .            (no boots)
Will    .....        (no amulet)
Stlth   +            (no ring)
HPRegen 0.25/turn    (no ring)
MPRegen 0.09/turn

%: no passive effects
@: no status effects
A: horns 1, icemail 1, condensation shield
a: no special abilities


You were on level 3 of the Dungeon.
You visited 1 branch of the dungeon, and saw 3 of its levels.

You collected 125 gold pieces.

Inventory:

Hand Weapons
 a - a +0 trident (weapon)
Missiles
 d - 3 throwing nets (quivered)
 e - a javelin
Armour
 b - a +0 leather armour
 c - a +0 helmet
 k - a +0 ring mail (worn)
Scrolls
 f - a scroll of immolation {unknown}
 i - 4 scrolls of identify {unknown}
 o - a scroll of teleportation {unknown}
 p - a scroll of blinking {unknown}
Potions
 g - a potion of might {unknown}
 h - 2 potions of enlightenment {unknown}
 j - a potion of invisibility {unknown}
 l - a potion of brilliance {unknown}
 m - a potion of degeneration {unknown}
 n - a potion of heal wounds {unknown}


   Skills:
 * Level 3.3 Fighting
 + Level 3.2 Polearms
 - Level 1.8 Throwing
 + Level 1.4 Armour
 + Level 3.2 Dodging


You had 3 spell levels left.
You didn't know any spells.
Your spell library was empty.

Dungeon Overview and Level Annotations

Branches:
Dungeon (3/15)

Altars:

Shops:
D:1 :

Annotations:
D:3 Ijyb


Innate Abilities, Weirdness & Mutations

You have a pair of small horns on your head.
A meltable icy envelope protects you from harm. (AC +4)
A meltable shield of frost defends you. (SH +4)


Message History

Ijyb is moderately wounded.
Ijyb hits you but does no damage.
You hit Ijyb but do no damage. You headbutt Ijyb, but do no damage.
Ijyb is moderately wounded.
Ijyb closely misses you.
An orc comes into view. It is wielding a +0 flail.
The orc shouts!
You hit Ijyb but do no damage. You headbutt Ijyb.
Ijyb is moderately wounded.
Ijyb zaps a wand.
Your mind is blasted!
Ijyb barely misses you.
You hit Ijyb.
Ijyb is moderately wounded.
Ijyb hits you but does no damage.
You closely miss Ijyb.
Ijyb is moderately wounded.
Ijyb zaps a wand.
Your mind is blasted!
You barely miss Ijyb.
Ijyb is moderately wounded.
Ijyb hits you but does no damage.
You hit Ijyb but do no damage. Your headbutt misses Ijyb.
Ijyb is moderately wounded.
Ijyb barely misses you.
You hit Ijyb but do no damage.
Ijyb is moderately wounded.
Ijyb barely misses you. The orc barely misses you.
You closely miss Ijyb. Your headbutt misses Ijyb.
Ijyb is moderately wounded.
Ijyb barely misses you. You block the orc's attack.
You miss Ijyb.
Ijyb is moderately wounded.
Ijyb hits you with a +0 dagger. The orc hits you but does no damage.
Ijyb hits you with a +0 dagger. The orc hits you but does no damage.
You hit Ijyb but do no damage.
Ijyb is moderately wounded.
The orc hits you but does no damage. Ijyb hits you but does no damage.
You closely miss Ijyb. Your headbutt misses Ijyb.
Ijyb is moderately wounded.
Ijyb zaps a wand.
Your mind is blasted!
You die...
Ijyb screams, "Time for next experiment!"

### ##... .....
...... #
......########.#
..........)....####
......g@o..<......#
......###########..
...<. ##.. ##


You could see Ijyb and an orc.

Vanquished Creatures
  An orc priest (D:2)
  2 adders (D:2)
  A ribbon worm (D:2)
  2 orcs (D:2)
  5 endoplasms
  A giant cockroach (D:2)
  4 goblins
  5 hobgoblins
  5 jackals
  4 kobolds
  2 quokkas (D:1)
  6 ball pythons
  4 bats
  3 frilled lizards
  2 rats (D:2)
47 creatures vanquished.

Notes
Turn   | Place    | Note
-------+----------+-------------------------------------------
     0 | D:1      | javelincjr the Demonspawn Gladiator began the quest for the
                  | Orb.
     0 | D:1      | Reached XP level 1. HP: 16/16 MP: 1/1
   204 | D:1      | Gained mutation: A meltable shield of frost defends you.
                  | (SH +4) [demonic ancestry]
   204 | D:1      | Reached XP level 2. HP: 22/22 MP: 2/2
   219 | D:1      | Found Puanaux's Book Emporium.
   782 | D:1      | Gained mutation: A meltable icy envelope protects you from
                  | harm. (AC +4) [demonic ancestry]
   782 | D:1      | Reached XP level 3. HP: 28/28 MP: 3/3
  1135 | D:2      | Reached skill level 1 in Armour
  1347 | D:2      | Gained mutation: You have a pair of small horns on your
                  | head. [demonic ancestry]
  1347 | D:2      | Reached XP level 4. HP: 27/35 MP: 4/4
  1893 | D:3      | Noticed Ijyb
  1912 | D:3      | Blown up by Ijyb

Illustrated notes

Levels and vault maps discovered:
D:1:      dpeg_arrival_circle_labyrinth_a, layout_basic, serial_shops,
          nicolae_shop_tiny_real_fake_doors, serial_bayou_lagoon_b
D:2:      cheibrodos_pilgrimage, layout_basic, minmay_pentomino_t2
D:3:      minmay_razor_zed, layout_loops_ring, pdpol_wu_jian_five_deadly_venoms,
          uniq_ijyb

Skill      XL: |  1  2  3 |
---------------+----------+-----
Polearms       | 3 |  3.2
Dodging        | 3 |  3.2
Armour         | 1 |  1.4
Fighting       | 3 |  3.3
Throwing       | |  1.8

Action                     |  1- 3 |  4- 6 || total
---------------------------+-------+-------++-------
  Melee: Trident           |   167 |    33 ||   200
         Headbutt          |       |     5 ||     5
 Armour: Leather armour    |    29 |       ||    29
         Ring mail         |    39 |    20 ||    59
  Dodge: Dodged            |    79 |    14 ||    93
  Block: Other             |    15 |     5 ||    20

Table legend: (Time is in decaauts)
 A = Elapsed time spent in this place.
 B = Non-inter-level travel time spent in this place.
 C = Inter-level travel time spent in this place.
 D = Time resting spent in this place.
 E = Time spent auto-exploring this place.
 F = Levels seen in this place.
 G = Mean time per level.
                   A        B        C        D        E       F      G
               +--------+--------+--------+--------+--------+-----+--------+
         Total |   1959 |   1882 |     77 |      0 |   1475 |   3 |  653.0 |
       Dungeon |   1959 |   1882 |     77 |      0 |   1475 |   3 |  653.0 |
               +--------+--------+--------+--------+--------+-----+--------+

Top non-repeatable levels by time:
     D:1: 1073 daAuts
     D:2: 864 daAuts
     D:3: 21 daAuts
